Match 40220764
Unlisted

Match 40220764
End
Construct Section Command Post
Selects Australian Defense Battlegroup
Selects Australian Light Infantry Section
Infantry Section
ML 3-inch Mortar Team
Infantry Section
Infantry Section
Construct Field Infirmary
Construct Platoon Command Post
Grenade Package
Selects CMP 15cwt Supply Run
Infantry Training
Humber Armored Car
Selects Reinforced Resource Caches
Royal Engineer Section
Unlock Bishop Self-propelled Artillery
Bishop Self-propelled Artillery
Light Vehicle Training
6-pounder Anti-tank Gun Team
Selects Defensive Tactics
Royal Engineer Section
Selects Hold the Line!
Bishop Self-propelled Artillery
Bishop Self-propelled Artillery
Hold the Line!
Royal Engineer Section
Royal Engineer Section
Selects Archer Tank Destroyer
Archer Tank Destroyer
Royal Engineer Section
Archer Tank Destroyer
Bishop Self-propelled Artillery
Inkredyble
BloodSpark
Cons01
Chompy
thanataur
Musketeer
Pano_ramix
[~AJ~]Oberst
0
0

Comments sign in to comment!

No comments posted yet!